 Dungeon Crawl Stone Soup version 0.19-a0-644-gd04d753 (webtiles) character file.

55 Stormphoenix the Shooter (level 3, 0/24 HPs)
             Began as a High Elf Hunter on June 14, 2016.
             Slain by a worm (2 damage)
             ... on level 2 of the Dungeon.
             The game lasted 00:03:01 (1270 turns).

Stormphoenix the Shooter (High Elf Hunter)          Turns: 1270, Time: 00:03:02

Health: 0/24       AC:  1    Str: 11    XL:     3   Next: 67%
Magic:  4/4        EV: 14    Int: 14    God:
Gold:   98         SH:  0    Dex: 17    Spells: 0 memorised, 2 levels left

rFire  . . .     SeeInvis .     b - +0 short sword
rCold  + . .     Gourm    .     c - +0 leather armour
rNeg   . . .     Faith    .     (no shield)
rPois  .         Spirit   .     (no helmet)
rElec  .         Dismiss  .     (no cloak)
rCorr  .         Reflect  .     (no gloves)
SustAt .         Harm     .     (no boots)
MR     .....                    (no amulet)
Stlth  ++........               (no ring)
                                (no ring)

@: not resistant to hostile enchantments, unstealthy
A: repulsion field 1, cold resistance 1, deformed body, high mp 1
a: no special abilities


You were on level 2 of the Dungeon.
You were not hungry.

You visited 1 branch of the dungeon, and saw 2 of its levels.

You collected 98 gold pieces.

Inventory:

Hand Weapons
 a - a +1 shortbow
 b - a +0 short sword (weapon)
Missiles
 l - 34 poisoned needles
Armour
 c - a +0 leather armour (worn)
Scrolls
 e - 2 scrolls of identify
Potions
 h - a potion of might
Comestibles
 f - 3 bread rations
 g - 5 chunks of flesh
 i - a beef jerky
 j - 7 fruits


   Skills:
 - Level 2.0 Fighting
 + Level 7.2 Bows
 - Level 2.1 Dodging
 - Level 1.1 Stealth


You had 2 spell levels left.
You didn't know any spells.

Dungeon Overview and Level Annotations

Branches:
Dungeon (2/15)

Altars:
Ashenzari


Innate Abilities, Weirdness & Mutations

You are surrounded by a mild repulsion field. (EV +2)
Your flesh is cold resistant. (rC+)
Armour fits poorly on your strangely shaped body.
You have an increased reservoir of magic. (+10% MP)


Message History

You escape the ball python's grasp.
You see here an arrow.
The ball python completely misses you. The ball python grabs you.
The ball python constricts you.
You see here an arrow.
Your attempt to break free from the ball python fails, but you feel that another attempt might succeed.
The ball python bites you.
* * * LOW HITPOINT WARNING * * *
x2 The ball python constricts you.
You escape the ball python's grasp.
Your leather armour prevents you from hitting the ball python.
The ball python bites you.
* * * LOW HITPOINT WARNING * * *
The ball python misses you.
You closely miss the ball python. The ball python barely misses you. x2
The ball python misses you. The ball python barely misses you.
You hit the ball python.
You kill the ball python!
The worm bites you.
You die...

#.......# #...# #.##.#.##
#.#.# #.#..#.# #...#
....##†# ##.## #......####
#.# ##........# #.#
#...####.####.###
#...####.#......##########
...............#@w).....(..
.##...###.#.####.#####.##..
. #...###.#.##......##.#
#......<#.##..([......
#...#####..(..(####..# ..
#.##.........#
#.##.....##... .#.........
....$..(...(.


You could see a worm.

Vanquished Creatures
  An adder (D:2)
  An ooze (D:2)
  A worm (D:2)
  2 giant geckos (D:2)
  A ball python (D:2)
  4 bats (D:1)
  2 giant cockroaches (D:1)
  5 goblins (D:1)
  5 hobgoblins
  3 giant newts
  3 kobolds (D:1)
  6 rats
34 creatures vanquished.

Notes
Turn   | Place    | Note
--------------------------------------------------------------
     0 | D:1      | Stormphoenix the High Elf Hunter began the quest for the Orb.
     0 | D:1      | Reached XP level 1. HP: 14/14 MP: 2/2
    59 | D:1      | Reached XP level 2. HP: 19/19 MP: 3/3
    87 | D:1      | Reached skill level 6 in Bows
   769 | D:1      | Gained mutation: You have an increased reservoir of magic. (+10% MP) [potion of mutation]
   769 | D:1      | Gained mutation: Armour fits poorly on your strangely shaped body. [potion of mutation]
   769 | D:1      | Gained mutation: You are surrounded by a mild repulsion field. (EV +2) [potion of mutation]
   799 | D:1      | Reached XP level 3. HP: 17/24 MP: 4/4
   924 | D:2      | Gained mutation: Your flesh is cold resistant. (rC+) [potion of mutation]
  1132 | D:2      | Found a shattered altar of Ashenzari.
  1204 | D:2      | Reached skill level 7 in Bows
  1267 | D:2      | HP: 1/24 [ball python (2)]
  1270 | D:2      | Slain by a worm

Vault maps used:
D:1:      moated_graveyard_arrival
D:2:      lemuel_doored_altar, minivault_4, trog_butcher_becter, uniq_iyjb

Skill      XL: |  1  2  3 |
---------------+----------+-----
Bows           | 6 7 |  7.2
Fighting       | |  2.0
Dodging        | |  2.1
Stealth        | |  1.1

Action                   || total
-------------------------++-------
Melee: Short sword       ||    18
 Fire: Shortbow          ||    86
  Use: Scroll            ||     5
       Potion            ||     2
  Eat: Chunk             ||     1
Armor: Leather armour    ||     5
Dodge: Dodged            ||    34
